 Dungeon Crawl Stone Soup version 0.20.1-1-g8b1a95d (console) character file.

11701 hilaritas the Archer (level 11, -15/99 HPs)
             Began as a Centaur Hunter on Feb 23, 2018.
             Was a High Priest of Okawaru.
             Killed from afar by a storm dragon (34 damage)
             ... with a bolt of lightning
             ... on level 10 of the Dungeon.
             The game lasted 00:50:27 (13112 turns).

hilaritas the Archer (Centaur Hunter)              Turns: 13112, Time: 00:50:27

Health: -15/99     AC: 13    Str: 16    XL:     11   Next: 52%
Magic:  16/17      EV: 16    Int: 13    God:    Okawaru [*****.]
Gold:   608        SH:  0    Dex: 12    Spells: 7/10 levels left

rFire    . . .     SeeInvis .   a - +1 shortbow
rCold    + . .     Gourm    .   (shield currently unavailable)
rNeg     . . .     Faith    .   K - +0 troll leather armour
rPois    .         Spirit   .   z - +2 helmet {Int+3}
rElec    .         Reflect  .   j - scarf {repulsion}
rCorr    .         Harm     .   I - +2 pair of gloves
MR       +....                  (no barding)
Stlth    ++........             (no amulet)
Regen    0.7/turn               A - ring of protection from magic
MPRegen  0.2/turn               F - ring of protection from cold

@: heroism, repel missiles, very quick
A: hooves 3, deformed body, speed 2, tough skin 3
a: Heroism, Finesse, Renounce Religion


You were on level 10 of the Dungeon.
You worshipped Okawaru.
Okawaru was extremely pleased with you.
You were not hungry.

You visited 2 branches of the dungeon, and saw 11 of its levels.

You collected 608 gold pieces.

Inventory:

Hand Weapons
 a - a +1 shortbow (weapon)
 b - a +0 short sword
 i - a +2 dagger of protection
 O - a +6 quarterstaff of protection
Missiles
 d - 95 arrows (quivered)
Armour
 j - a scarf of repulsion (worn)
 z - a +2 helmet of intelligence (worn)
 I - a +2 pair of gloves (worn)
 K - a +0 troll leather armour (worn)
Jewellery
 e - an uncursed ring of wizardry
 g - an uncursed ring of resist corrosion
 o - an uncursed ring of wizardry
 A - a ring of protection from magic (left hand)
 B - an uncursed ring of magical power
 F - a ring of protection from cold (right hand)
 M - an uncursed ring of ice
Wands
 C - a wand of paralysis (7/24)
 E - a wand of lightning (6/15)
 G - a wand of paralysis (13/24)
 L - a wand of flame (22/48)
Scrolls
 h - 2 scrolls of enchant armour
 n - 2 scrolls of blinking
 p - 2 scrolls of magic mapping
 v - 2 scrolls of recharging
 y - 3 scrolls of fog
 D - 4 scrolls of remove curse
 H - 3 scrolls of teleportation
 J - a scroll of amnesia
Potions
 k - a potion of brilliance
 m - 4 potions of agility
 q - a potion of flight
 t - a potion of mutation
 u - a potion of cancellation
 w - 2 potions of heal wounds
 x - 2 potions of haste
 N - 2 potions of curing
Comestibles
 f - 7 bread rations
 l - 4 meat rations
 r - 6 fruits
 s - 6 royal jellies


   Skills:
 - Level 10.0(15.0) Fighting
 - Level 10.0(15.0) Bows
 + Level 5.0(10.0) Armour
 + Level 7.9(12.9) Dodging
 - Level 0.4(5.4) Stealth
 * Level 8.3 Invocations


You had 7 spell levels left.
You knew the following spells:

 Your Spells              Type           Power        Failure   Level  Hunger
a - Regeneration          Chrm/Necr      #.........   71%         3    ####...


Dungeon Overview and Level Annotations

Branches:
Dungeon (10/15)            Temple (1/1) D:4
   Lair: D:8-11         Orc: D:9-12

Altars:
Elyvilon
Fedhas
Gozag
Hepliaklqana
Kikubaaqudgha
Okawaru
Sif Muna
Trog
Uskayaw
Vehumet
The Shining One


Innate Abilities, Weirdness & Mutations

You have hooves in place of feet.
Armour fits poorly on your strangely shaped body.
You cover ground very quickly.
You have extremely tough skin. (AC +3)


Message History

The storm dragon completely misses you. The storm dragon barely misses you.
The storm dragon tramples you.
You stumble backwards!
Firing (i - inventory):
d - 97 arrows (quivered)
Press: ? - help, Shift-Dir - straight line, f/p - fire crab
Aim: a fire crab (heavily wounded)
You shoot an arrow.
The arrow barely misses the storm dragon.
The arrow barely misses the fire crab.
Firing (i - inventory):
d - 96 arrows (quivered)
Press: ? - help, Shift-Dir - straight line, f/p - fire crab
Aim: a fire crab (heavily wounded)
You shoot an arrow.
The arrow barely misses the storm dragon.
The arrow closely misses the fire crab.
The storm dragon bites you! The storm dragon claws you!
* * * LOW HITPOINT WARNING * * *
The storm dragon closely misses you.
The storm dragon breathes lightning at you.
The bolt of lightning hits you!
You die...

.............#.#
############.#.# ##
#.#.#########.#
#.#...........#
#########....######.#.#
#.........####....#.#
....#....####.....))'.#
# #)#####.........#.#
#.# ####'########.# #.#
#.#(..###...#.#
..###()..##@....#..
.###((#.##(..D..#.# ..
#((###(####t##.. .#
##.(##(.# (##.# #.
#..(##.%# .##.#
#..(#...# .# #((('...#
.# #(((#...# ##
#########


You could see a storm dragon and a fire crab.

Vanquished Creatures
  A great orb of eyes (D:10)
  Erica (D:8)
  Nergalle (D:10)
  The ghost of hilaritas the Basher, a novice GrFi of Hepliaklqana (D:9)
  A wolf spider (D:10)
  A shining eye (shapeshifter) (D:10)
  A black mamba (shapeshifter) (D:10)
  Psyche (D:9)
  A yaktaur (D:10)
  An efreet (D:10)
  A troll (D:9)
  2 hippogriffs
  4 hogs (D:7)
  A human (D:7)
  5 yaks (D:9)
  Eustachio (D:6)
  A vampire mosquito (D:10)
  Menkaure (D:5)
  2 orc warriors
  5 ice beasts
  A phantom (D:7)
  An eye of draining (D:8)
  2 necrophages
  4 ogres
  A crocodile (D:8)
  9 centaurs
  2 big kobolds
  5 bullfrogs
  A gnoll sergeant (D:7)
  2 scorpions
  3 killer bees (D:8)
  A howler monkey (D:3)
  A crimson imp (D:5)
  4 jellies
  6 orc priests
  8 hounds
  A bullfrog skeleton (D:10)
  3 centaur skeletons
  Crazy Yiuf (D:2)
  4 worker ants
  12 orc wizards
  A killer bee zombie (D:7)
  A worker ant zombie (D:10)
  Robin (D:2)
  11 adders
  3 gnolls (D:7)
  An adder zombie (D:7)
  4 adder skeletons
  4 worms
  4 dart slugs
  7 leopard geckos
  43 orcs
  8 bats
  6 giant cockroaches
  16 goblins
  17 hobgoblins
  3 jackals (D:4)
  4 quokkas
  2 ball pythons
  4 frilled lizards
  A giant cockroach zombie (D:3)
  15 kobolds
  A leopard gecko skeleton (D:3)
  4 quokka skeletons
  8 rats
  A fungus (D:1)
  A plant (D:2)
276 creatures vanquished.

Vanquished Creatures (others)
  A bush (D:7)
1 creature vanquished.

Grand Total: 277 creatures vanquished

Notes
Turn   | Place    | Note
-------+----------+-------------------------------------------
     0 | D:1      | hilaritas the Centaur Hunter began the quest for the Orb.
     0 | D:1      | Reached XP level 1. HP: 17/17 MP: 1/1
   197 | D:1      | Reached XP level 2. HP: 24/24 MP: 2/2
   834 | D:1      | Reached XP level 3. HP: 29/29 MP: 3/3
  1500 | D:2      | Noticed Robin
  1527 | D:2      | Killed Robin
  1527 | D:2      | Reached XP level 4. HP: 26/37 MP: 4/4
  1777 | D:2      | Found a bloodstained altar of Trog.
  2467 | D:2      | Found a runed door.
  2791 | D:2      | Noticed Crazy Yiuf
  2801 | D:2      | Killed Crazy Yiuf
  2801 | D:2      | Reached XP level 5. HP: 19/45 MP: 5/5
  3449 | D:3      | Learned a level 3 spell: Regeneration
  3612 | D:3      | Reached XP level 6. HP: 34/51 MP: 6/6
  4228 | D:4      | Found a hide-covered altar of Uskayaw.
  4782 | D:4      | Found a staircase to the Ecumenical Temple.
  4799 | Temple   | Entered the Ecumenical Temple
  4805 | Temple   | Became a worshipper of Warmaster Okawaru
  5285 | D:5      | Entered Level 5 of the Dungeon
  5621 | D:5      | Reached skill level 10 in Bows
  5621 | D:5      | Reached XP level 7. HP: 38/58 MP: 7/7
  5758 | D:5      | Found a bloodstained altar of Trog.
  5923 | D:5      | Reached skill level 1 in Invocations
  6353 | D:5      | Noticed Menkaure
  6362 | D:5      | Killed Menkaure
  6362 | D:5      | Reached * piety under Okawaru
  6362 | D:5      | Reached skill level 5 in Fighting
  6667 | D:6      | Found a hazy altar of Hepliaklqana.
  6719 | D:6      | Found a bloodstained altar of Trog.
  6810 | D:6      | Reached XP level 8. HP: 52/70 MP: 9/9
  6961 | D:6      | Noticed Eustachio
  6993 | D:6      | HP: 8/105 [orc warrior/flail (5)]
  7005 | D:6      | Reached ** piety under Okawaru
  7067 | D:6      | HP: 5/71 [Eustachio/falchion of holy wrath (4)]
  7083 | D:6      | Killed Eustachio
  8250 | D:7      | Reached XP level 9. HP: 37/81 MP: 11/11
  9116 | D:7      | Reached *** piety under Okawaru
  9577 | D:7      | Reached skill level 10 in Fighting
  9683 | D:7      | Reached skill level 5 in Invocations
 10088 | D:8      | Reached skill level 1 in Armour
 10096 | D:8      | Reached skill level 5 in Dodging
 10208 | D:8      | Reached **** piety under Okawaru
 10208 | D:8      | Reached XP level 10. HP: 85/93 MP: 13/13
 10384 | D:8      | Received a gift from Okawaru
 10522 | D:8      | Noticed Erica
 10555 | D:8      | HP: 9/93 [Erica/scimitar of flaming (3)]
 10559 | D:8      | Killed Erica
 11161 | D:8      | Received a gift from Okawaru
 11301 | D:8      | Found an ancient bone altar of Kikubaaqudgha.
 11662 | D:9      | Noticed Psyche
 11733 | D:9      | Found a deep blue altar of Sif Muna.
 11859 | D:9      | Killed Psyche
 11878 | D:9      | Noticed hilaritas's ghost (novice GrFi)
 11902 | D:9      | Killed hilaritas's ghost
 12147 | D:9      | Reached ***** piety under Okawaru
 12432 | D:10     | Entered Level 10 of the Dungeon
 12543 | D:10     | Noticed Nergalle
 12561 | D:10     | Reached XP level 11. HP: 92/99 MP: 13/16
 12588 | D:10     | Killed Nergalle
 12706 | D:10     | Received a gift from Okawaru
 12928 | D:10     | Noticed a shining eye
 12960 | D:10     | Killed a shining eye
 12960 | D:10     | Received a gift from Okawaru
 12976 | D:10     | Noticed a wolf spider
 12987 | D:10     | Killed a wolf spider
 12991 | D:10     | Noticed a great orb of eyes
 13004 | D:10     | Killed a great orb of eyes
 13004 | D:10     | Reached skill level 5 in Armour
 13098 | D:10     | Noticed a storm dragon
 13098 | D:10     | Noticed a fire crab
 13112 | D:10     | Killed from afar by a storm dragon

Skill      XL: |  1  2  3  4  5  6  7  8  9 10 11 |
---------------+----------------------------------+-----
Bows           | 6 7 8 10 | 10.0
Fighting       | 3 5 8 10 | 10.0
Invocations    | 2 3 5 7 8 |  8.3
Dodging        | 2 3 5 6 7 |  7.9
Armour         | 1 3 5 |  5.0
Stealth        | |  0.4

Action                   |  1- 3 |  4- 6 |  7- 9 | 10-12 || total
-------------------------+-------+-------+-------+-------++-------
Melee: Short sword       |    95 |     8 |       |       ||   103
       Kick              |    34 |    23 |    38 |     7 ||   102
       Dagger            |       |    97 |   177 |    19 ||   293
       Punch             |       |       |     1 |       ||     1
       Shortbow          |       |       |       |     2 ||     2
 Fire: Shortbow          |    98 |   179 |   373 |   421 ||  1071
Invok: Heroism           |       |       |     5 |     8 ||    13
  Use: Scroll            |       |    12 |     4 |     7 ||    23
       Potion            |       |       |     4 |     1 ||     5
  Eat: Chunk             |     1 |    10 |    12 |     8 ||    31
Armor: Leather armour    |     9 |    65 |    93 |    22 ||   189
       Skin              |       |       |    40 |       ||    40
       Troll leather arm |       |       |       |    56 ||    56
Dodge: Dodged            |    20 |    50 |   133 |   141 ||   344
       Deflected         |       |       |     2 |     2 ||     4
